Map: Светотень РВ

Players

TrapMY - Winner!

  • Race: Protoss Protoss
  • League: Grandmaster

Benti

  • Race: Protoss Protoss
  • League: Grandmaster

VOD

Have the link to the VOD?

Description

Time

  • Played on: Sept. 20, 2021, 7:09 a.m.
  • Length: 3:39
Show
View Real Time Build Order
Export as new Build Order

TrapMY Protoss - Winner!

Build Orders:  

Get SALT Encoding   

  12  0:00  Probe  
  13  0:12  Probe  
  14  0:24  Probe  
  14  0:26  Assimilator  
  15  0:32  Pylon  
  15  0:50  Gateway  
  15  0:52  Gateway  
  15  0:55  Probe  
  16  1:07  Probe  
  17  1:18  Pylon  
  17  1:19  Probe  
  18  1:32  Probe  
  19  1:37  Zealot (Chrono Boost), Cybernetics Core  
  19  1:38  Zealot (Chrono Boost)  
  23  1:46  Pylon  
  23  1:58  Zealot (Chrono Boost)  
  23  2:00  Zealot (Chrono Boost)  
  27  2:17  Shield Battery  
  29  2:24  Stalker (Chrono Boost)  
  29  2:26  Stalker (Chrono Boost)  
  31  2:30  Shield Battery  
  29  2:45  Shield Battery  
  29  2:47  Stalker  
  31  3:00  Stalker (Chrono Boost)  
  31  3:06  Shield Battery  
  35  3:29  Pylon  
Show
View Real Time Build Order
Export as new Build Order

Benti Protoss 

Build Orders:  

Get SALT Encoding   

  12  0:00  Probe  
  13  0:12  Probe  
  14  0:17  Pylon  
  14  0:25  Probe (Chrono Boost)  
  16  0:37  Probe (Chrono Boost)  
  16  0:38  Gateway  
  16  0:42  Probe (Chrono Boost)  
  16  0:46  Assimilator  
  17  0:51  Probe  
  17  0:54  Assimilator  
  18  1:03  Probe (Chrono Boost)  
  19  1:10  Gateway  
  19  1:15  Probe (Chrono Boost)  
  20  1:25  Zealot  
  22  1:32  Cybernetics Core  
  22  1:34  Probe  
  23  1:43  Pylon  
  23  2:01  Probe, Zealot (Chrono Boost)  
  23  2:07  Pylon  
  28  2:08  Zealot (Chrono Boost)  
  28  2:12  Shield Battery  
  28  2:19  Shield Battery  
  28  2:21  Stalker (Chrono Boost)  
  30  2:35  Shield Battery  
  30  2:47  Shield Battery, Pylon  
  30  2:56  Shield Battery  
  30  3:04  Stalker (Chrono Boost)  
  30  3:05  Stalker (Chrono Boost)  
  26  3:24  Shield Battery  
Tags
 
Add a new tag
Caveats
  • Supply blocks, unpowered buildings, or Contaminate may cause inaccurate times.
  • Supply counts are checked every 10 seconds.